 Dungeon Crawl Stone Soup version 0.28.0-43-g3370ac3207 (webtiles) character file.

Game seed: 12204428430042469283

245 cmymind4 the Charlatan (level 5, -17/38 HPs)
             Began as a Demonspawn Artificer on Mar 11, 2022.
             Engulfed by a cloud of flame (33 damage)
             ... on level 4 of the Dungeon.
             The game lasted 00:25:08 (2533 turns).

cmymind4 the Charlatan (Demonspawn Artificer)       Turns: 2533, Time: 00:25:09

Health: -17/38     AC:  5    Str: 14    XL:     5   Next: 84%
Magic:  14/14      EV: 10    Int: 13    God:
Gold:   137        SH:  0    Dex: 13    Spells: 4/4 levels left

rFire   . . .      SeeInvis .   u - +4 trident
rCold   . . .      Faith    .   (no shield)
rNeg    . . .      Spirit   .   k - +0 ring mail
rPois   .          Reflect  .   (no helmet)
rElec   .          Harm     .   (no cloak)
rCorr   .          Rampage  .   (no gloves)
Will    .....                   (no boots)
Stlth   +.........              (no amulet)
HPRegen 0.12/turn               h - ring of magical power
MPRegen 0.14/turn               (no ring)

@: no status effects
A: spiny 1
a: no special abilities


You were on level 4 of the Dungeon.
You visited 1 branch of the dungeon, and saw 4 of its levels.

You collected 137 gold pieces.

Inventory:

Hand Weapons
 a - a +0 club
 j - a +0 dagger
 n - a +0 dagger
 p - a +0 short sword
 u - a +4 trident (weapon)
 w - a +0 dagger
Missiles
 f - 86 stones
 x - 19 sling bullets
 z - a javelin
Armour
 b - a +0 leather armour
 k - a +0 ring mail (worn)
 q - a +0 robe
Magical Staves
 t - a staff of earth
Jewellery
 h - a ring of magical power (left hand)
 y - a ring of willpower
Wands
 c - a wand of flame (3) (quivered)
 d - a wand of charming (15)
Scrolls
 l - a scroll of magic mapping {unknown}
 r - a scroll of blinking {unknown}
 s - a scroll of holy word {unknown}
 A - a scroll of teleportation {unknown}
Potions
 g - 4 potions of curing
 i - a potion of heal wounds
 o - 2 potions of attraction {unknown}
 v - a potion of flight {unknown}
Miscellaneous
 e - a piece from Xom's chessboard (15/15)


   Skills:
 + Level 1.7 Fighting
 + Level 1.1 Short Blades
 + Level 1.8 Maces & Flails
 + Level 0.2 Polearms
 + Level 0.2 Throwing
 + Level 3.2 Armour
 + Level 1.4 Dodging
 + Level 1.1 Stealth
 + Level 4.4 Evocations


You had 4 spell levels left.
You didn't know any spells.
Your spell library was empty.

Dungeon Overview and Level Annotations

Branches:
Dungeon (4/15)
 Temple: D:4-7

Altars:
Nemelex Xobeh
Vehumet


Innate Abilities, Weirdness & Mutations

You are partially covered in sharp spines.


Message History

The gnoll is severely wounded.
The gnoll shouts!
Aiming: Throw Flame
Press: ? - help, Q - select action, (/) - cycle Shift-Dir - straight line, f/p - gnoll shaman
Aim: a gnoll shaman, wielding a +0 club and wearing a +0 robe (heavily wounded, 77% to hit)
The puff of flame hits the gnoll shaman.
The gnoll shaman is severely wounded.
The gnoll shaman hits you with a +0 club!
The gnoll shouts!
You hit the gnoll shaman.
The gnoll shaman is almost dead.
The gnoll shaman hits you with a +0 club!
The gnoll shaman calls upon its god to heal the gnoll.
The gnoll is healed somewhat.
The gnoll hits you from afar with a +0 spear!
As you read the scroll labelled BARGHO NOSKEBRO, it crumbles to dust.
The creatures around you are filled with an inner flame!
It was a scroll of immolation.
The gnoll hits you with a +1 whip of freezing.
* * * LOW HITPOINT WARNING * * *
The gnoll freezes you.
* * * LOW HITPOINT WARNING * * *
The gnoll shaman invokes the aid of its god against you.
You resist with some effort. The gnoll barely misses you.
You feel much better. The gnoll is struck by your spines.
Flame seeps out of the gnoll.
The gnoll hits you with a +1 whip of freezing.
The gnoll freezes you.
The gnoll hits you from afar with a +0 spear.
The gnoll is engulfed in blazing flames.
The gnoll explodes!
The fiery explosion engulfs the gnoll!!! x2
The gnoll explodes! x2
The fiery explosion engulfs the gnoll!!
The gnoll explodes!
You hit the gnoll shaman.
The gnoll shaman explodes!
The fiery explosion engulfs you!
You are engulfed in blazing flames.
Ouch! That really hurt!
You die...

.... (#.## .(.. #..#
############.)#
...........§§.## ........#
#))#
........#####§§#########.#
..............§)@)...<....
........#####.§###########
........# #..# ........#
#.># ........# ##.#
........+ #.# ........####
#.# .......<...# #.#
#####'#..#.# #.#


There were no monsters in sight!

Vanquished Creatures
  A scorpion (D:4)
  A gnoll shaman (D:4)
  A hound (D:4)
  An iguana (D:4)
  An orc wizard (D:4)
  5 gnolls (D:4)
  An adder skeleton (D:4)
  A worm (D:3)
  A dart slug (D:2)
  4 orcs (D:4)
  3 bats
  4 endoplasms
  4 goblins (D:2)
  5 hobgoblins
  3 kobolds
  3 ball pythons
  4 frilled lizards
  5 rats
48 creatures vanquished.

Notes
Turn   | Place    | Note
-------+----------+-------------------------------------------
     0 | D:1      | cmymind4 the Demonspawn Artificer began the quest for the
                  | Orb.
     0 | D:1      | Reached XP level 1. HP: 15/15 MP: 1/1
   699 | D:2      | Gained mutation: You are partially covered in sharp spines.
                  | [demonic ancestry]
   699 | D:2      | Reached XP level 2. HP: 21/21 MP: 2/2
  1315 | D:3      | Found a sparkling altar of Nemelex Xobeh.
  1379 | D:3      | Reached XP level 3. HP: 26/26 MP: 3/3
  1534 | D:3      | Found a radiant altar of Vehumet.
  1791 | D:4      | Reached skill level 1 in Dodging
  1791 | D:4      | Reached skill level 4 in Evocations
  1798 | D:4      | Reached skill level 1 in Maces & Flails
  1798 | D:4      | Reached XP level 4. HP: 28/32 MP: 4/4
  1806 | D:4      | Reached skill level 1 in Stealth
  2136 | D:4      | Noticed a scorpion
  2144 | D:4      | Killed a scorpion
  2145 | D:4      | Reached skill level 1 in Short Blades
  2145 | D:4      | Reached XP level 5. HP: 15/37 MP: 5/5
  2533 | D:4      | Engulfed by a cloud of flame

Illustrated notes

Levels and vault maps discovered:
D:1:      dpeg_arrival_houses_and_road, layout_loops_cross
D:2:      layout_basic, serial_rivers, chequers_serial_rivers_micro_a,
          chequers_serial_rivers_room_a, chequers_serial_rivers_micro_e,
          chequers_serial_rivers_micro_d, chequers_serial_rivers_room_a
D:3:      layout_rooms, lemuel_tele_altar, lemuel_doored_altar,
          uniq_crazy_yiuf_cottage
D:4:      layout_basic

Skill      XL: |  1  2  3  4 |
---------------+-------------+-----
Armour         | 2 3 |  3.2
Dodging        | 1 |  1.4
Evocations     | 4 |  4.4
Maces & Flails | 1 |  1.8
Stealth        | 1 |  1.1
Short Blades   | 1 |  1.1
Fighting       | |  1.7
Polearms       | |  0.2
Throwing       | |  0.2

Action                   |  1- 3 |  4- 6 || total
-------------------------+-------+-------++-------
Melee: Club              |    53 |       ||    53
       Short sword       |    11 |    20 ||    31
       Trident           |       |    10 ||    10
Throw: Stone             |     7 |       ||     7
       Javelin           |       |     4 ||     4
Evoke: Wand              |     5 |     7 ||    12
  Use: Potion            |       |     3 ||     3
       Scroll            |       |     1 ||     1
Armor: Ring mail         |    21 |     7 ||    28
       Leather armour    |     1 |       ||     1
Dodge: Dodged            |    31 |    15 ||    46
